 Dungeon Crawl Stone Soup version 0.17-a0-1842-gacc33f2 (webtiles) character file.

17259 HiobMontag the Protected (level 12, 0/68 HPs)
             Began as a Gargoyle Fighter on Sept 14, 2015.
             Was a High Priest of Nemelex Xobeh.
             Splashed by an oklob plant's acid (5 damage)
             ... on level 4 of the Lair of Beasts on Sept 17, 2015.
             The game lasted 01:37:33 (8807 turns).

HiobMontag the Protected (Gargoyle Fighter)         Turns: 8807, Time: 01:37:33

Health: 0/68       AC: 15    Str: 35    XL:     12   Next: 46%
Magic:  25/26      EV: 13    Int: 16    God:    Nemelex Xobeh [*****.]
Gold:   584        SH:  0    Dex:  9    Spells: 0 memorised, 11 levels left

rFire  . . .     SeeInvis .     y - +6 battleaxe of Voimnour {speed, Int+2}
rCold  . . .     Clarity  .     b - +4 scale mail
rNeg   + . .     SustAt   .     (no shield)
rPois  ∞         Gourm    .     B - +3 hat of Pondering {ponderous, MR+ MP+10 Int+5}
rElec  +         Spirit   .     n - +0 cloak
rCorr  .         Warding  .     (no gloves)
rMut   .         Stasis   .     k - +0 pair of boots
MR     ++...                    h - amulet of regeneration
Stlth  ++........               M - ring of stealth
                                p - ring of protection from magic

@: corroded equipment, immense fortitude, slow, very resistant to hostile
enchantments, unstealthy
A: frail 1, negative energy resistance 1, electricity resistance, unbreathing,
petrification resistance, rot immunity, AC +8
a: Triple Draw, Deal Four, Stack Five, Renounce Religion


You were on level 4 of the Lair of Beasts.
You worshipped Nemelex Xobeh.
Nemelex Xobeh was extremely pleased with you.
You were hungry.

You visited 2 branches of the dungeon, and saw 13 of its levels.

You collected 586 gold pieces.

Inventory:

Hand weapons
 y - the +6 battleaxe of Voimnour (weapon) {speed, Int+2}
   (You found it on level 9 of the Dungeon)

   Attacks with this weapon are significantly faster.
   It affects your intelligence (+2).
 H - a +3 whip of flaming
 J - a +3 scimitar of flaming
Missiles
 Y - a throwing net (quivered)
Armour
 b - a +4 scale mail (worn)
 c - a +1 shield
 k - a +0 pair of boots (worn)
 n - a +0 cloak (worn)
 B - the +3 hat of Pondering (worn) {ponderous, MR+ MP+10 Int+5}
   (You took it off Gastronok on level 8 of the Dungeon)

   It affects your intelligence (+5).
   It affects your resistance to hostile enchantments.
   It affects your magic capacity (+10).
Jewellery
 f - an uncursed ring of see invisible
 h - an amulet of regeneration (around neck)
 p - a ring of protection from magic (left hand)
 M - a ring of stealth (right hand)
Magical devices
 g - a wand of fireball (9)
 j - a wand of random effects (26)
 m - a wand of digging (19)
 v - a wand of digging (4)
 w - a wand of teleportation (0)
 C - a wand of magic darts (2)
 G - a wand of paralysis (8)
 K - a wand of fireball (5)
 O - a wand of heal wounds (2)
 P - a wand of flame (11)
Scrolls
 o - 9 scrolls of remove curse
 r - 2 scrolls of identify
 s - 2 scrolls of noise
 u - 7 scrolls of teleportation
 N - a scroll of enchant weapon
 Q - a scroll of fog
 S - a scroll of amnesia
 W - 2 scrolls of magic mapping
Potions
 d - a potion of might
 l - 4 potions of agility
 x - a potion of poison
 z - a potion of degeneration
 A - 6 potions of curing
 I - 2 potions of brilliance
 X - a potion of haste
Books
 L - a book of the Warp

   Spells                             Type                      Level
   a - Recall                         Summoning/Translocation      3
   b - Gell's Gravitas                Hexes/Translocation          3
   c - Force Lance                    Conjuration/Translocation    4
   d - Phase Shift                    Translocation                5
   e - Warp Weapon                    Charms/Translocation         5
   f - Summon Forest                  Summoning/Translocation      5
 T - a book of Ice

   Spells                             Type                      Level
   a - Ice Form                       Ice/Transmutation            4
   b - Metabolic Englaciation         Hexes/Ice                    5
   c - Ozocubu's Refrigeration        Ice                          6
   d - Bolt of Cold                   Conjuration/Ice              6
   e - Freezing Cloud                 Conjuration/Ice/Air          6
   f - Simulacrum                     Ice/Necromancy               6
Miscellaneous
 a - a legendary deck of war {drawn: 1}
 E - a plain deck of escape {drawn: 7}
 F - a disc of storms
 V - a lamp of fire (inert)
 Z - an ornate deck of war {drawn: 5}
Comestibles
 e - 6 bread rations
 q - 2 slices of pizza
 t - 8 beef jerkies
 D - 6 meat rations
 R - 10 royal jellies
 U - 9 fruits


   Skills:
 + Level 9.2 Fighting
 + Level 6.5(7.8) Axes
 + Level 6.9(8.3) Maces & Flails
   Level 0.8(4.1) Polearms
 + Level 9.4 Armour
 + Level 7.0 Dodging
 + Level 3.4 Stealth
 + Level 8.6 Shields
 + Level 6.6 Evocations


You had 11 spell levels left.
You didn't know any spells.

Dungeon Overview and Level Annotations

Branches:
Dungeon (9/15)             Temple (0/1) D:6            Lair (4/8) D:9
 Spider (0/4) Lair:4
  Swamp: Lair:3-6    Shoals: Lair:3-6       Orc: D:9-12

Altars:
Ashenzari
Dithmenos
Fedhas
Makhleb
Nemelex Xobeh
Okawaru
Qazlal
Ru
Sif Muna
Yredelemnul
The Shining One

Annotations:
Lair:4 exclusion: 4 oklob plants


Innate Abilities, Weirdness & Mutations

You are resistant to torment.
Your stone body is resilient (AC +8).
You are immune to poison.
You resist negative energy.
You are resistant to electric shocks.
You can survive without breathing.
You are immune to petrification.
You are immune to rotting.
You are frail (-10% HP).


Message History

The oklob plant spits acid at you. The splash of acid hits you!
The acid corrodes you!
The acid burns!
Found a gnarled runed staff, a runed steel amulet and a metal-bound book.
The oklob plant spits acid at you. The splash of acid misses you.
The splash of acid hits your executioner's axe of electrocution.
Your executioner's axe of electrocution appears unharmed.
The oklob plant spits acid at you. The splash of acid hits you!
The acid corrodes you!
The acid burns!
The oklob plant spits acid at you. The splash of acid hits you!
The acid burns!
The oklob plant spits acid at you. The splash of acid hits you!
The acid burns!
* * * LOW HITPOINT WARNING * * *
The oklob plant spits acid at you. The splash of acid hits you!
* * * LOW HITPOINT WARNING * * *
The acid burns!
You die...
Your body glows slightly and disappears.

##..##.####.)##
#P..#######)P.#
##.....##.##..P#
####...........<.##
##P#....P.##..#P.P#
##P...#..###########
#..P#.#.[#[P.PPP#
##..#....#≈≈≈..≈#
##.###...#≈.@..≈#
#..#####.#......##
##..###..#(......|#
###.##.#..'......."#
#...##....#.......:#
#.#.##....#......###
##.†#......#≈....≈#
#..P##.%...#≈≈≈.?≈#
.## ..##
##..#....#.#......#
#. ..# ^...


You could see 4 oklob plants and a friendly executioner's axe of electrocution.

Vanquished Creatures
  An emperor scorpion (Lair:3)
  An ettin (Lair:3)
  3 hydras
  A wolf spider (Lair:4)
  A shining eye (Lair:3)
  A harpy (Lair:1)
  7 spiny frogs
  A komodo dragon (Lair:2)
  Sigmund (D:2)
  14 yaks
  A golden eye (Lair:3)
  2 basilisks
  A hippogriff (Lair:3)
  4 wolves (Lair:1)
  A mottled dragon (D:9)
  5 porcupines
  2 soldier ants
  4 water moccasins
  2 spiders
  An eye of draining (D:9)
  2 ice beasts
  A wasp (D:9)
  An orc warrior (D:9)
  5 crocodiles
  3 ogres
  6 giant frogs
  2 killer bees
  4 scorpions
  An electric eel (Lair:3)
  3 hounds
  2 centaur zombies (D:5)
  A jelly (Lair:3)
  An orc priest (D:9)
  6 worker ants
  3 iguanas
  A quasit (D:9)
  A giant frog skeleton (D:9)
  3 adders
  2 gnolls
  38 river rats
  An ooze (D:9)
  An adder skeleton (D:7)
  2 worms
  2 giant geckos
  10 orcs
  7 giant cockroaches
  9 goblins
  9 hobgoblins
  4 jackals
  6 quokkas
  2 ball pythons
  7 bats
  A giant gecko skeleton (D:4)
  A giant gecko zombie (D:9)
  6 giant newts
  A jackal skeleton (D:4)
  6 kobolds
  7 rats
  2 bushes (Lair:3)
  A fungus (Lair:1)
  A plant (Lair:3)
226 creatures vanquished.

Vanquished Creatures (collateral kills)
  Gastronok (D:8)
  Erolcha (D:8)
  Erica (D:8)
  Pikel (D:8)
  A two-headed ogre (D:9)
  A raiju (D:9)
  A blink frog (Lair:1)
  Menkaure (D:5)
  2 ice beasts
  A centaur (D:6)
  An ogre (D:5)
  4 giant frogs
  2 crocodiles (D:9)
  Blork the orc (D:6)
  A scorpion (D:5)
  The ghost of LordVetinari the Covered, a weakling MiFi (D:3)
  2 crimson imps
  A jelly (D:7)
  An orc priest (D:9)
  An orc wizard (D:9)
  Jessica (D:3)
  An iguana (D:9)
  A worker ant (D:5)
  A killer bee zombie (D:5)
  2 gnolls (D:7)
  A worm (D:5)
  2 giant geckos (D:9)
  7 orcs
  A giant cockroach (D:5)
  A kobold (D:9)
  A giant cockroach zombie (D:5)
45 creatures vanquished.

Vanquished Creatures (others)
  An orc priest (D:8)
  A hound zombie (D:8)
  2 orcs (D:8)
  A giant cockroach (D:8)
  2 plants (Lair:3)
7 creatures vanquished.

Grand Total: 278 creatures vanquished

Notes
Turn   | Place    | Note
--------------------------------------------------------------
     0 | D:1      | HiobMontag the Gargoyle Fighter began the quest for the Orb.
     0 | D:1      | Reached XP level 1. HP: 14/14 MP: 1/1
    33 | D:1      | Reached XP level 2. HP: 19/19 MP: 2/2
   533 | D:1      | Reached XP level 3. HP: 24/24 MP: 3/3
   553 | D:1      | Found a sparkling altar of Nemelex Xobeh.
   557 | D:1      | Became a worshipper of Nemelex Xobeh the Trickster
   628 | D:1      | Received a gift from Nemelex Xobeh
  1066 | D:2      | Noticed Sigmund
  1111 | D:2      | Killed Sigmund
  1111 | D:2      | Reached skill level 4 in Fighting
  1111 | D:2      | Reached skill level 1 in Dodging
  1111 | D:2      | Reached XP level 4. HP: 23/29 MP: 4/4
  1111 | D:2      | Reached XP level 5. HP: 26/33 MP: 5/5
  1296 | D:2      | Found a basalt altar of Yredelemnul.
  1298 | D:2      | Noticed a profane servitor
  1308 | D:2      | Found a glowing golden altar of the Shining One.
  1310 | D:2      | Noticed an angel
  1482 | D:2      | Noticed an earth elemental
  1484 | D:2      | Found a stormy altar of Qazlal.
  1484 | D:2      | Received a gift from Nemelex Xobeh
  1486 | D:2      | Noticed a water elemental
  1486 | D:2      | Noticed an air elemental
  1486 | D:2      | Noticed a fire elemental
  1604 | D:3      | Reached XP level 6. HP: 38/38 MP: 6/6
  1814 | D:3      | Found an iron altar of Okawaru.
  1857 | D:3      | Noticed LordVetinari's ghost (weakling MiFi)
  1872 | D:3      | Killed LordVetinari's ghost
  1873 | D:3      | Noticed Jessica
  1885 | D:3      | Killed Jessica
  1932 | D:3      | Found a shattered altar of Ashenzari.
  2021 | D:3      | Received a gift from Nemelex Xobeh
  2715 | D:4      | Reached XP level 7. HP: 44/44 MP: 7/7
  2808 | D:4      | Found a burning altar of Makhleb.
  2808 | D:4      | Found a deep blue altar of Sif Muna.
  2954 | D:4      | Reached skill level 5 in Shields
  3079 | D:5      | Entered Level 5 of the Dungeon
  3093 | D:5      | Found a shadowy altar of Dithmenos.
  3101 | D:5      | Reached skill level 1 in Evocations
  3135 | D:5      | Received a gift from Nemelex Xobeh
  3141 | D:5      | Noticed Menkaure
  3150 | D:5      | Killed Menkaure
  3321 | D:5      | Received a gift from Nemelex Xobeh
  3432 | D:5      | Reached skill level 5 in Armour
  3441 | D:5      | Found a sparkling altar of Nemelex Xobeh.
  3441 | D:5      | Acquired Nemelex Xobeh's first power
  3563 | D:5      | Reached XP level 8. HP: 32/48 MP: 8/8
  3668 | D:6      | Found a staircase to the Ecumenical Temple.
  3855 | D:6      | Noticed Blork the orc
  3863 | D:6      | Killed Blork the orc
  3863 | D:6      | Reached skill level 5 in Fighting
  3874 | D:6      | Reached skill level 1 in Stealth
  3986 | D:6      | Received a gift from Nemelex Xobeh
  4041 | D:6      | Found a blossoming altar of Fedhas.
  4160 | D:6      | Found a shadowy altar of Dithmenos.
  4374 | D:7      | Reached skill level 6 in Shields
  4573 | D:7      | Reached skill level 5 in Maces & Flails
  4807 | D:7      | Reached XP level 9. HP: 48/54 MP: 10/10
  4855 | D:8      | Received a gift from Nemelex Xobeh
  4861 | D:8      | Noticed Erolcha
  4862 | D:8      | Noticed Pikel
  4872 | D:8      | Killed Pikel
  4878 | D:8      | Killed Erolcha
  4880 | D:8      | Noticed Erica
  4908 | D:8      | Killed Erica
  4908 | D:8      | Reached skill level 7 in Armour
  5038 | D:8      | Noticed Gastronok
  5052 | D:8      | Killed Gastronok
  5052 | D:8      | Reached skill level 5 in Dodging
  5052 | D:8      | Reached XP level 10. HP: 51/61 MP: 11/13
  5079 | D:8      | Acquired Nemelex Xobeh's second power
  5109 | D:8      | Received a gift from Nemelex Xobeh
  5405 | D:9      | Received a gift from Nemelex Xobeh
  5428 | D:9      | Found a sacrificial altar of Ru.
  5702 | D:9      | Reached skill level 8 in Shields
  5730 | D:9      | Got a brightly glowing battleaxe
  5731 | D:9      | Identified the +6 battleaxe of Voimnour {speed, Int+2} (You found it on level 9 of the Dungeon)
  5796 | D:9      | Upgraded the game from 0.17-a0-1830-g81820eb to 0.17-a0-1842-gacc33f2
  5973 | D:9      | Received a gift from Nemelex Xobeh
  6030 | D:9      | Found a staircase to the Lair.
  6326 | Lair:1   | Entered Level 1 of the Lair of Beasts
  6419 | Lair:1   | Noticed a harpy
  6419 | Lair:1   | a spiny frog changed into a harpy
  6425 | Lair:1   | Killed a harpy
  6446 | Lair:1   | Reached skill level 1 in Axes
  6516 | Lair:1   | Noticed an eight-headed hydra
  6533 | Lair:1   | Reached skill level 5 in Evocations
  6533 | Lair:1   | Reached XP level 11. HP: 58/67 MP: 14/14
  6542 | Lair:1   | Killed a 12-headed hydra
  6754 | Lair:1   | Acquired Nemelex Xobeh's third power
  7098 | Lair:1   | Received a gift from Nemelex Xobeh
  7796 | Lair:3   | Noticed a five-headed hydra
  7810 | Lair:3   | Killed an eight-headed hydra
  7810 | Lair:3   | Reached skill level 5 in Axes
  7975 | Lair:3   | Noticed a seven-headed hydra
  7976 | Lair:3   | Noticed an ettin
  7976 | Lair:3   | a seven-headed hydra changed into an ettin
  7985 | Lair:3   | Noticed a four-headed hydra
  7985 | Lair:3   | Killed an ettin
  7985 | Lair:3   | Reached skill level 9 in Armour
  7997 | Lair:3   | Killed a four-headed hydra
  7997 | Lair:3   | Reached XP level 12. HP: 75/75 MP: 16/16
  8006 | Lair:3   | Noticed a catoblepas
  8007 | Lair:3   | Noticed an emperor scorpion
  8007 | Lair:3   | a catoblepas changed into an emperor scorpion
  8018 | Lair:3   | Gained mutation: You are frail (-10% HP). [a shining eye]
  8054 | Lair:3   | Killed an emperor scorpion
  8413 | Lair:4   | Received a gift from Nemelex Xobeh
  8477 | Lair:4   | Found a hole to the Spider Nest.
  8751 | Lair:4   | Received a gift from Nemelex Xobeh
  8807 | Lair:4   | Splashed by an oklob plant's acid

Vault maps used:
D:1:      lemuel_arrival_lava_pool, minivault_5, nemelex_diamond_rough_becter
D:2:      grunt_temple_overflow_holy_war, nicolae_qazlal_style_of_elements,
          uniq_sigmund
D:3:      okawaru_ov_weapons_minmay, lemuel_coloured_pillars_altar, first_bread,
          minmay_misc_feat_tower, uniq_jessica
D:4:      minitemple
D:5:      lemuel_crystal_altar, nicolae_dithmenos_the_darkroom, uniq_menkaure
D:6:      overflow_temple_1_default, fedhas_altar_4,
          minmay_temple_entry_enclosed_plants, serial_glass, glass_columns_a,
          glass_columns_a, uniq_blork_the_orc
D:8:      nicolae_overflow_hidden_temple, uniq_erica, uniq_pikel, uniq_erolcha,
          uniq_gastronok
D:9:      erik_lair_dragon, basic_altar, hangedman_pestilent_swarm, eino_jars
Lair:1:   grunt_forest_small_clearing_treed, grunt_megastairs_2,
          lemuel_fruit_tree, lemuel_fruit_fields
Lair:3:   infiniplex_staircase_pool
Lair:4:   dpeg_oklob_gauntlet, minmay_swamp_entry_worms,
          spider_nest_entry_rubble

Action                   |  1- 3 |  4- 6 |  7- 9 | 10-12 || total
-------------------------+-------+-------+-------+-------++-------
Melee: Flail             |    80 |   178 |   151 |       ||   409
       Spear             |    39 |       |       |       ||    39
       Whip              |       |       |     9 |    71 ||    80
       Battleaxe         |       |       |       |   290 ||   290
Invok: Triple Draw       |       |       |       |     1 ||     1
Evoke: Deck              |     5 |     4 |    35 |    56 ||   100
       Wand              |       |     1 |     2 |    22 ||    25
       Lamp of fire      |       |       |       |     1 ||     1
  Use: Scroll            |     3 |     8 |       |    19 ||    30
       Potion            |     1 |     3 |       |    11 ||    15
 Stab: Invisible         |       |       |     1 |       ||     1
       Sleeping          |       |       |       |     3 ||     3
  Eat: Chunk             |     1 |     3 |     7 |    14 ||    25
       Bread ration      |       |     1 |       |       ||     1
       Beef jerky        |       |       |       |     1 ||     1
